cohdb
Replays
Latest Replays
All Replays
Popular Replays
Top Player Replays
Match Explorer
How It Works
Community
CoH3 Stats
Reddit
Sign in to upload your games and track your stats! →
Sign in with Steam
Match 45542773
Unlisted
Match 45542773
Overview
Messages
Build Orders
End
Royal Engineer Section
Construct Section Command Post
Selects Canadian Shock Battlegroup
Infantry Section
Infantry Section
Selects Offensive Resupply
Selects Canadian Shock Section
Construct Platoon Command Post
Humber Armored Car
Grenade Package
Selects Incendiary Munitions
Canadian Shock Section
Selects Pyrotechnics
Humber Armored Car
Infantry Section
Infantry Section
Royal Engineer Section
Construct Company Command Post
Crusader II Medium Tank
Selects Smoke Operation
Smoke Operation
BloodSpark
Cons01
Doctor Guver
MaXiS
0
0
Comments
sign in to comment!
No comments posted yet!